 Dungeon Crawl Stone Soup version 0.28.0-53-g5a82cb258f (webtiles) character file.

Game seed: 14460095616513485674

88 VolelikeOfTheReadme the Sneak (level 4, -3/29 HPs)
             Began as an Octopode Brigand on June 15, 2022.
             Slain by an orc
             ... wielding a +0 hand axe
              (4 damage)
             ... on level 3 of the Dungeon.
             The game lasted 00:15:57 (2014 turns).

VolelikeOfTheReadme the Sneak (Octopode Brigand)    Turns: 2014, Time: 00:15:57

Health: -3/29      AC:  1    Str: 10    XL:     4   Next: 53%
Magic:  4/4        EV: 13    Int: 13    God:
Gold:   201        SH:  0    Dex: 15    Spells: 3/3 levels left

rFire   . . .      SeeInvis .   h - +1 trident (protect)
rCold   . . .      Faith    .   (no shield)
rNeg    . . .      Spirit   .   (helmet restricted)
rPois   .          Reflect  .   (no amulet)
rElec   .          Harm     .   (no ring)
rCorr   .          Rampage  .   (no ring)
Will    .....                   (no ring)
Stlth   ++++......              (no ring)
HPRegen 0.09/turn               (no ring)
MPRegen 0.09/turn               (no ring)
                                (no ring)
                                (no ring)

@: no status effects
A: almost no armour, amphibious, 8 rings, camouflage 1, gelatinous body 1,
(nimble swimmer 1), tentacles
a: no special abilities


You were on level 3 of the Dungeon.
You visited 1 branch of the dungeon, and saw 3 of its levels.

You collected 201 gold pieces.

Inventory:

Hand Weapons
 a - a +2 dagger
 g - a +0 short sword
 h - a +1 trident of protection (weapon)
Missiles
 d - 5 poisoned darts (quivered)
Potions
 b - a potion of ambrosia {unknown}
 e - a potion of cancellation
 f - a potion of haste {unknown}


   Skills:
 * Level 2.2 Fighting
 - Level 2.2 Short Blades
 * Level 0.3 Polearms
 * Level 3.3 Throwing
 * Level 1.5 Dodging
 * Level 6.2 Stealth


You had 3 spell levels left.
You didn't know any spells.
Your spell library was empty.

Dungeon Overview and Level Annotations

Branches:
Dungeon (3/15)

Altars:


Innate Abilities, Weirdness & Mutations

You cannot wear most types of armour.
You are amphibious.
You can wear up to eight rings at the same time.
Your skin changes colour to match your surroundings (Stealth+).
Your rubbery body absorbs attacks. (AC +1, EV +1)
((You are camouflaged when in or above water. (Stealth+)))
You have tentacles for arms and can constrict up to eight enemies at once.


Message History

The orc priest miscasts a cantrip.
You feel better.
The orc wizard gestures at you while chanting.
You are confused.
The orc barely misses you.
The orc priest looks braver for a moment.
The orc wizard misses you.
You hit the orc wizard.
Your weapon exudes an aura of protection.
The orc wizard is lightly wounded.
The orc wizard closely misses you.
The orc wizard gestures wildly while chanting.
The orc wizard flickers and vanishes!
Deactivating autopickup; reactivate with Ctrl-A.
The orc closely misses you.
You miss the orc wizard.
The orc wizard is lightly wounded.
The orc wizard gestures at you while chanting.
The magic dart hits you! The orc hits you with a +0 club.
* * * LOW HITPOINT WARNING * * *
You hear some strange, mumbled words.
Something tries to affect you, but you resist.
The orc closely misses you.
Non-targeted confused throw: 5 darts (poison)
Press: ? - help, Q - select action Dir - look around, f - activate
Okay, then.
Unknown command.
You're too confused to move!
You feel less confused. The orc hits you with a +0 hand axe.
* * * LOW HITPOINT WARNING * * *
Something hits you.
* * * LOW HITPOINT WARNING * * *
The orc priest hits you with a +0 dagger.
* * * LOW HITPOINT WARNING * * *
The orc closely misses you.
The orc priest hits you with a +0 dagger.
* * * LOW HITPOINT WARNING * * *
The orc hits you with a +0 hand axe.
You die...

.# .. #...# #.#.#
## ###.#.#
...#####.....#
#....#@.#...#
####.##..oo....#
......#..o.....#
#..
#####.....o..†.#
#.#
..........(......#
..#
.................#
..#
.................#
..#
o........#####...#
#.# .........##
#....#


You could see an orc priest, an orc wizard and 2 orcs.

Vanquished Creatures
  A gnoll (D:1)
  An adder (D:2)
  A worm (D:2)
  7 endoplasms
  A giant cockroach (D:2)
  4 goblins
  6 hobgoblins
  9 jackals
  3 kobolds
  3 quokkas
  5 ball pythons
  9 bats
  2 frilled lizards (D:1)
  7 rats
59 creatures vanquished.

Notes
Turn   | Place    | Note
-------+----------+-------------------------------------------
     0 | D:1      | VolelikeOfTheReadme the Octopode Brigand began the quest
                  | for the Orb.
     0 | D:1      | Reached XP level 1. HP: 14/14 MP: 1/1
   252 | D:1      | Reached XP level 2. HP: 14/19 MP: 2/2
   294 | D:1      | Reached skill level 6 in Stealth
   371 | D:1      | Reached XP level 3. HP: 16/24 MP: 3/3
   806 | D:1      | Found a faded altar of an unknown god.
  1095 | D:2      | Reached XP level 4. HP: 24/29 MP: 4/4
  2012 | D:3      | HP: 1/29 [orc priest/+0 dagger (1)]
  2014 | D:3      | Slain by an orc

Illustrated notes

Levels and vault maps discovered:
D:1:      lemuel_arrival_hallway, layout_basic,
          dreamdust_ecumenical_altar_statues, minmay_hexomino_u4
D:2:      layout_loops_cross
D:3:      cheibrodos_pilgrimage, layout_rooms, minmay_misc_feat_diagonals

Skill      XL: |  1  2  3 |
---------------+----------+-----
Stealth        | 6 |  6.2
Throwing       | 3 |  3.3
Fighting       | |  2.2
Short Blades   | |  2.2
Polearms       | |  0.3
Dodging        | |  1.5

Action                   |  1- 3 |  4- 6 || total
-------------------------+-------+-------++-------
Melee: Dagger            |    50 |     2 ||    52
       Constrict         |    16 |     6 ||    22
       Tentacles         |    14 |     3 ||    17
       Punch             |     1 |       ||     1
       Trident           |       |    35 ||    35
Throw: Dart              |    49 |    13 ||    62
  Use: Scroll            |     1 |       ||     1
       Potion            |       |     3 ||     3
 Stab: Sleeping          |     1 |     5 ||     6
Armor: Skin              |     5 |     7 ||    12
Dodge: Dodged            |    28 |    28 ||    56
